 Dungeon Crawl Stone Soup version 0.29.0-7-g18a832c13a (webtiles) character file.

Game seed: 12872295658703225023

60 lonewolfV2 the Grave Robber (level 3, -9/19 HPs)
             Began as a Deep Elf Necromancer on Aug 30, 2022.
             Killed by divine providence
             ... invoked by an orc priest
              (13 damage)
             ... on level 3 of the Dungeon.
             The game lasted 00:05:15 (2077 turns).

lonewolfV2 the Grave Robber (Deep Elf Necromancer)  Turns: 2077, Time: 00:05:17

Health: -9/19      AC:  2    Str:  5    XL:     3   Next: 80%
Magic:  7/10       EV: 12    Int: 21    God:
Gold:   122        SH:  0    Dex: 15    Spells: 6/10 levels left

rFire   . . .      SeeInvis .   (no weapon)
rCold   . . .      Faith    .   l - orb {*Rage}
rNeg    . . .      Spirit   .   a - +0 robe
rPois   .          Reflect  .   (no helmet)
rElec   .          Harm     .   (no cloak)
rCorr   .          Rampage  .   (no gloves)
Will    .....      Rage     20% (no boots)
Stlth   +.........              (no amulet)
HPRegen 0.06/turn               (no ring)
MPRegen 0.12/turn               (no ring)

@: confused
A: no striking features
a: no special abilities


You were on level 3 of the Dungeon.
You visited 1 branch of the dungeon, and saw 3 of its levels.

You collected 122 gold pieces.

Inventory:

Armour
 a - a +0 robe (worn)
 l - an orb of wrath (worn)
Jewellery
 d - a +4 ring of protection
Scrolls
 h - a scroll of amnesia {unknown}
 i - a scroll of enchant armour {unknown}
 m - a scroll of vulnerability {unknown}
Potions
 b - 3 potions of magic
 c - 2 potions of haste {unknown}
 e - a potion of brilliance {unknown}
 f - a potion of heal wounds {unknown}
 g - a potion of mutation {unknown}
 j - a potion of cancellation {unknown}
 k - a potion of curing {unknown}


   Skills:
 + Level 2.6 Dodging
 + Level 2.6 Stealth
 + Level 4.2 Spellcasting
 + Level 5.8 Necromancy


You had 6 spell levels left.
You knew the following spells:

 Your Spells              Type           Power      Damage    Failure   Level
a - Necrotise             Necr           100%       1d9       1%          1
b - Vampiric Draining     Necr           28%        2d8       3%          3

Your spell library contained the following spells:

 Spells                   Type           Power      Damage    Failure   Level
 Animate Dead             Necr           28%        N/A       11%         4
 Agony                    Necr           28%        N/A       30%         5
 Cause Fear               Hex            2%         N/A       75%         4
 Dragon Form              Tmut           2%         N/A       100%        7
 Dragon's Call            Summ           2%         N/A       100%        9


Dungeon Overview and Level Annotations

Branches:
Dungeon (3/15)

Altars:


Message History

Press: ? - help, Shift-Dir - straight line, f/p - orc
Aim: an orc, wielding a +0 flail and wearing a +0 leather armour (heavily wounded, chance to affect: 93%)
The orc writhes in agony.
Casting: Necrotise (safe; 1% risk of failure)
Confirm with . or Enter, or press ? or * to list all spells.
Aiming: Necrotise (safe; 1% risk of failure)
Press: ? - help, Shift-Dir - straight line, f/p - orc
Aim: an orc, wielding a +0 flail and wearing a +0 leather armour (severely wounded, chance to affect: 93%)
The orc writhes in agony.
You kill the orc!
The dead are walking!
The orc shouts!
The orc wizard shouts!
You hear a shout!
Your adder skeleton crumbles into dust!
An orc priest comes into view. It is wielding a +0 short sword.
An orc priest comes into view. It is wielding a +0 club.
The orc priest casts a cantrip, but nothing happens.
You swap places.
The orc wizard points at you and mumbles some strange words.
You are confused.
You're too confused to cast spells.
Sorry, you're not good enough to have a special ability.
Unknown command.
Are you sure you want to stumble around while confused and next to your orc skeleton? [Y]es or [N]o only, please.
Are you sure you want to stumble around while confused and next to your orc skeleton?
Okay, then.
There are monsters nearby!
Are you sure you want to stumble around while confused and next to your orc skeleton? [Y]es or [N]o only, please.
Are you sure you want to stumble around while confused and next to your orc skeleton? [Y]es or [N]o only, please.
Are you sure you want to stumble around while confused and next to your orc skeleton?
The orc priest mumbles some strange prayers to Beogh against you.
Beogh smites you!
Ouch! That really hurt!
* * * LOW HITPOINT WARNING * * *
The orc priest invokes the aid of Beogh against you.
Beogh smites you!
Ouch! That really hurt!
You die...

...#.###.#
...#.# #.####
...#.# #....#
#### ...#.#
####.###..
...#.#
###..##.# #
...#.#
#....##.####.#
...#
#......^.....#
#............#
#.......@....+
#......Zo....#
+......)o....#
#...##.......#
#...##...o...#
#...##.o.=...#
######.......+
#.......#
#.......#


You could see 2 orc priests, an orc wizard (ally target), an orc and a friendly
orc skeleton.

Vanquished Creatures
  2 adders
  A worm (D:2)
  A dart slug (D:2)
  An orc (D:3)
  4 bats
  3 endoplasms
  2 giant cockroaches (D:2)
  6 goblins
  4 hobgoblins
  2 quokkas
  A ball python (D:1)
  A frilled lizard (D:1)
  5 rats
33 creatures vanquished.

Notes
Turn   | Place    | Note
-------+----------+-------------------------------------------
     0 | D:1      | lonewolfV2 the Deep Elf Necromancer began the quest for the
                  | Orb.
     0 | D:1      | Reached XP level 1. HP: 10/10 MP: 6/6
   103 | D:1      | Reached skill level 5 in Necromancy
   336 | D:1      | Reached XP level 2. HP: 15/15 MP: 6/8
  1151 | D:2      | Reached XP level 3. HP: 19/19 MP: 2/10
  1155 | D:2      | Learned a level 3 spell: Vampiric Draining
  2077 | D:3      | Killed from afar by an orc priest

Illustrated notes

Levels and vault maps discovered:
D:1:      eino_arrival_cavern_e, layout_loops_ring
D:2:      layout_basic, chequers_serial_rivers_small_3
D:3:      layout_basic, basic_ecumenical_altar

Skill      XL: |  1  2  3 |
---------------+----------+-----
Necromancy     | 5 |  5.8
Spellcasting   | 4 |  4.2
Dodging        | |  2.6
Stealth        | |  2.6

Action                   || total
-------------------------++-------
Melee: Unarmed           ||     1
 Cast: Necrotise         ||    50
       Vampiric Draining ||     4
  Use: Scroll            ||     4
Armor: Robe              ||     2
Dodge: Dodged            ||     6
